Map: Moonlight Madness LE (Void)

Players

Sangoku - Winner!

  • Race: Terran Terran
  • League: Grandmaster

HzVee

  • Race: Protoss Protoss

VOD

Have the link to the VOD?

Description

Time

  • Played on: Oct. 16, 2015, 2:02 a.m.
  • Length: 6:48
Show
View Real Time Build Order
Export as new Build Order

Sangoku Terran - Winner!

Build Orders: Reaper Expand 

Get SALT Encoding   

  12  0:01  SCV  
  13  0:14  Supply Depot  
  13  0:33  Refinery  
  13  0:37  Barracks  
  13  0:40  SCV  
  14  0:52  SCV  
  15  1:05  SCV  
  16  1:17  SCV  
  17  1:24  Reaper  
  18  1:29  Orbital Command  
  18  1:46  Command Center  
  18  1:58  Supply Depot  
  18  2:03  SCV  
  18  2:05  Barracks Reactor  
  19  2:10  Bunker  
  19  2:20  Factory  
  19  2:32  SCV  
  20  2:41  Marine x2  
  22  2:44  SCV  
  23  2:56  SCV  
  24  3:03  Orbital Command  
  24  3:08  SCV  
  25  3:21  SCV  
  25  3:22  Refinery  
  25  3:24  Starport  
  25  3:26  Widow Mine x2  
  30  3:33  SCV x2  
  32  3:36  Supply Depot  
  32  3:45  SCV x2  
  33  3:50  Barracks Tech Lab  
  33  3:54  Widow Mine x2  
  37  3:57  SCV x2  
  39  4:09  SCV x2  
  39  4:15  Refinery  
  39  4:17  Medivac  
  41  4:21  SCV  
  41  4:22  Marine  
  41  4:23  Widow Mine x2  
  47  4:25  Barracks  
  47  4:27  SCV  
  47  4:31  Supply Depot, Barracks  
  48  4:33  SCV  
  48  4:34  Stimpack  
  49  4:39  SCV  
  49  4:51  SCV, Widow Mine  
  49  4:52  Widow Mine  
  50  5:04  SCV x2  
  52  5:11  Marauder  
  52  5:12  Supply Depot, Barracks Tech Lab  
  54  5:14  Starport Reactor  
  54  5:16  SCV  
  54  5:17  SCV  
  54  5:19  Barracks Tech Lab  
  54  5:20  Supply Depot  
  56  5:25  Engineering Bay  
  56  5:26  Widow Mine x2  
  60  5:28  SCV  
  60  5:29  SCV  
  60  5:34  Supply Depot  
  62  5:37  Supply Depot  
  62  5:42  Refinery, Concussive Shells  
  62  5:44  Marauder  
  62  5:46  Marauder  
  66  5:53  SCV x2  
  68  6:01  Marauder  
  70  6:05  SCV  
  70  6:06  SCV  
  70  6:10  Marauder  
  70  6:11  Marauder  
  76  6:12  Medivac  
  76  6:15  Medivac  
  76  6:17  SCV  
  82  6:18  SCV  
  82  6:29  SCV  
  82  6:30  Barracks  
  82  6:32  Barracks  
  87  6:47  Supply Depot  
Show
View Real Time Build Order
Export as new Build Order

HzVee Protoss 

Build Orders:  

Get SALT Encoding   

  12  0:01  Probe (Chrono Boost)  
  13  0:12  Probe (Chrono Boost)  
  14  0:20  Pylon  
  14  0:23  Probe (Chrono Boost)  
  15  0:31  Assimilator  
  15  0:39  Probe (Chrono Boost)  
  16  0:45  Gateway  
  16  0:49  Probe (Chrono Boost)  
  17  1:04  Probe (Chrono Boost)  
  18  1:15  Gateway, Probe (Chrono Boost)  
  19  1:18  Pylon  
  20  1:25  Probe (Chrono Boost)  
  20  1:35  Cybernetics Core  
  20  1:36  Probe (Chrono Boost)  
  20  1:39  Zealot  
  24  1:47  Probe (Chrono Boost)  
  24  1:49  Assimilator  
  24  2:04  Probe (Chrono Boost)  
  25  2:14  Probe (Chrono Boost)  
  26  2:20  Nexus  
  26  2:27  Pylon  
  26  2:33  Adept (Chrono Boost)  
  28  2:56  Adept (Chrono Boost)  
  27  3:05  Probe  
  28  3:06  Adept (Chrono Boost)  
  28  3:11  Pylon  
  28  3:17  Probe  
  29  3:22  Adept (Chrono Boost)  
  29  3:26  Warp Gate (Chrono Boost)  
  31  3:29  Probe  
  31  3:30  Stalker  
  34  3:34  Probe  
  36  3:41  Probe  
  36  3:44  Probe  
  37  3:55  Probe  
  38  4:05  Probe  
  39  4:14  Gateway  
  39  4:15  Gateway  
  39  4:16  Probe  
  37  4:19  Gateway  
  37  4:22  Pylon  
  38  4:27  Probe  
  39  4:37  Probe  
  40  4:48  Pylon  
  34  5:09  Gateway  
  34  5:15  Probe  
  34  5:20  Assimilator  
  35  5:23  Assimilator  
  35  5:24  Stalker x2  
  35  5:25  Probe  
  35  5:26  Stalker  
  42  5:36  Probe  
  42  5:46  Probe  
  42  5:47  Twilight Council  
  43  5:50  Gateway  
  43  5:57  Probe  
  43  5:58  Adept  
  43  5:59  Adept x4  
  46  6:07  Probe  
  46  6:09  Pylon  
  39  6:18  Probe, Pylon  
  39  6:22  Stalker x3  
  46  6:28  Probe  
Tags
 
Add a new tag
Caveats
  • Supply blocks, unpowered buildings, or Contaminate may cause inaccurate times.
  • Supply counts are checked every 10 seconds.